| TOP OF THE 1ST |
|
Wichita Aeros batting - Pitching for Oklahoma City 89ers : RHP Kennedy Corzel
|
|
Pitching: RHP Kennedy Corzel
|
|
|
Batting: RHB Jordan Ventura
|
0-0: Called Strike 0-1: Ground out 5-3 (Groundball, 5, EV 91.3 MPH)
|
|
Batting: SHB Gary Pettis
|
0-0: Ball 1-0: Ground out 6-3 (Groundball, 6S, EV 85.6 MPH)
|
|
Batting: LHB Michael Barnes
|
0-0: Ball 1-0: Swinging Strike 1-1: Ball 2-1: Foul Ball, location: 2F 2-2: Strikes out swinging
|
| Top of the 1st over - 0 runs, 0 hits, 0 errors, 0 left on base; Wichita 0 - Oklahoma City 0 |
| BOTTOM OF THE 1ST |
|
Oklahoma City 89ers batting - Pitching for Wichita Aeros : RHP Jeff Heathcock
|
|
Pitching: RHP Jeff Heathcock
|
|
|
Batting: RHB John Christensen
|
0-0: Called Strike 0-1: Foul Ball, location: 2F 0-2: Ball 1-2: Ball 2-2: Ball 3-2: Strikes out swinging
|
|
Batting: RHB Tim Tolman
|
0-0: Ball 1-0: Called Strike 1-1: Ball 2-1: Foul Ball, location: 2F 2-2: SINGLE (Line Drive, 8LS, EV 102.5 MPH)
|
|
Batting: LHB Tom O'Malley
|
0-0: Ball 1-0: Called Strike 1-1: Foul Ball, location: 2F 1-2: TRIPLE (Line Drive, 89XD, EV 111.3 MPH) Tim Tolman scores
|
|
Batting: RHB Glenn Braggs
|
0-0: Ball 1-0: Ball 2-0: Ball 3-0: Base on Balls
|
|
Batting: RHB Cecil Fielder
|
0-0: Ball 1-0: Ball 2-0: Foul Ball, location: 2F 2-1: Fly out, F8 (Flyball, 8RD, EV 106.3 MPH) Runner from 3rd tags up, SCORES, throw by CF
|
|
Batting: RHB Nick Esasky
|
0-0: Foul Ball, location: 2F 0-1: Ball 1-1: Ball Glenn Braggs steals 2nd base 2-1: Fly out, F9 (Flyball, 89D, EV 86.9 MPH)
|
| Bottom of the 1st over - 2 runs, 2 hits, 0 errors, 1 left on base; Wichita 0 - Oklahoma City 2 |
| TOP OF THE 2ND |
|
Wichita Aeros batting - Pitching for Oklahoma City 89ers : RHP Kennedy Corzel
|
|
Batting: LHB Omar Guerrero
|
0-0: Called Strike 0-1: Ball 1-1: Ball 2-1: Swinging Strike 2-2: Foul Ball, location: 2F 2-2: Strikes out swinging
|
|
Batting: LHB Glenn Gulliver
|
0-0: Ball 1-0: Swinging Strike 1-1: Ground out 4-3 (Groundball, 4, EV 87.5 MPH)
|
|
Batting: LHB Angel Matos
|
0-0: Ground out 4-3 (Groundball, 34, EV 88.1 MPH)
|
| Top of the 2nd over - 0 runs, 0 hits, 0 errors, 0 left on base; Wichita 0 - Oklahoma City 2 |
| BOTTOM OF THE 2ND |
|
Oklahoma City 89ers batting - Pitching for Wichita Aeros : RHP Jeff Heathcock
|
|
Batting: RHB Joe Redfield
|
0-0: Called Strike 0-1: Called Strike 0-2: Ball 1-2: Fly out, F7 (Flyball, 7LS, EV 87.5 MPH)
|
|
Batting: RHB Danny Jasso
|
0-0: Ball 1-0: Ball 2-0: SINGLE (Line Drive, 4MD, EV 98.1 MPH)
|
|
Batting: RHB Robert Bailey
|
0-0: Ball 1-0: Reached on error, E5 (Groundball, 56, EV 79.4 MPH) Danny Jasso to second
|
|
Batting: RHB John Christensen
|
0-0: Swinging Strike 0-1: Called Strike 0-2: Foul Ball, location: 2F 0-2: Foul Ball, location: 2F 0-2: SINGLE (Line Drive, 89S, EV 86.9 MPH) Danny Jasso to third Robert Bailey to second Runner from 3rd tries for Home, throw by RF and OUT! 9-2
|
|
Batting: RHB Tim Tolman
|
0-0: Ball 1-0: Foul Ball, location: 2F 1-1: Ball 2-1: Ball 3-1: Fielders Choice at 2nd, 5-4 (Groundball, 5, EV 81.3 MPH)
|
| Bottom of the 2nd over - 0 runs, 2 hits, 1 error, 2 left on base; Wichita 0 - Oklahoma City 2 |
| TOP OF THE 3RD |
|
Wichita Aeros batting - Pitching for Oklahoma City 89ers : RHP Kennedy Corzel
|
|
Batting: RHB Gary House
|
0-0: Ball 1-0: Ball 2-0: Ball 3-0: Base on Balls
|
|
Batting: LHB Jesus Ramos
|
0-0: Swinging Strike 0-1: SINGLE (Groundball, 4S, EV 73.8 MPH) (infield hit) Gary House to second
|
|
Batting: RHB Tom Dodd
|
0-0: Called Strike 0-1: Grounds into double play, 4-6-3 (Groundball, 4, EV 94.4 MPH) Gary House to third
|
|
Batting: RHB Jordan Ventura
|
0-0: Called Strike 0-1: Fly out, F8 (Line Drive, 8LM, EV 84.4 MPH)
|
| Top of the 3rd over - 0 runs, 1 hit, 0 errors, 1 left on base; Wichita 0 - Oklahoma City 2 |
| BOTTOM OF THE 3RD |
|
Oklahoma City 89ers batting - Pitching for Wichita Aeros : RHP Jeff Heathcock
|
|
Batting: LHB Tom O'Malley
|
0-0: DOUBLE (Line Drive, 9LM, EV 105.0 MPH)
|
|
Batting: RHB Glenn Braggs
|
0-0: Ball 1-0: Swinging Strike 1-1: Foul Ball, location: 2F 1-2: Foul Ball, location: 2F 1-2: Fly out, F8 (Flyball, 8RD, EV 100.0 MPH)
|
|
Batting: RHB Cecil Fielder
|
0-0: Ball 1-0: Called Strike 1-1: Foul Ball, location: 2F 1-2: Ball 2-2: Ball 3-2: Foul Ball, location: 2F 3-2: SINGLE (Groundball, 6D, EV 98.1 MPH) Tom O'Malley to third Runner from 3rd tries for Home, SAFE, throw by LF to home
|
|
Batting: RHB Nick Esasky
|
0-0: Fly out, F7 (Line Drive, 7, EV 90.6 MPH)
|
|
Batting: RHB Joe Redfield
|
0-0: Called Strike 0-1: Called Strike 0-2: TRIPLE (Line Drive, 89XD, EV 100.0 MPH) Cecil Fielder scores
|
|
Batting: RHB Danny Jasso
|
0-0: SINGLE (Line Drive, 6MD, EV 99.4 MPH) Joe Redfield scores
|
|
Pitching: RHP Steve Crawford
|
|
|
Batting: RHB Robert Bailey
|
0-0: Ball 1-0: Called Strike 1-1: Fly out, F8 (Flyball, 89M, EV 77.5 MPH)
|
| Bottom of the 3rd over - 3 runs, 4 hits, 0 errors, 1 left on base; Wichita 0 - Oklahoma City 5 |
| TOP OF THE 4TH |
|
Wichita Aeros batting - Pitching for Oklahoma City 89ers : RHP Kennedy Corzel
|
|
Batting: SHB Gary Pettis
|
0-0: Called Strike 0-1: Foul Ball, location: 2F 0-2: SINGLE (Flyball, 4D, EV 86.3 MPH)
|
|
Batting: LHB Michael Barnes
|
0-0: Ball 1-0: Called Strike 1-1: Ball 2-1: Fielders Choice at 2nd, 5-4 (Groundball, 56, EV 83.1 MPH)
|
|
Batting: LHB Omar Guerrero
|
0-0: Called Strike 0-1: Ball 1-1: Ball 2-1: Ball 3-1: Fielders Choice at 2nd, 6-4 (Groundball, 6, EV 107.5 MPH)
|
|
Batting: LHB Glenn Gulliver
|
0-0: Ball 1-0: Called Strike 1-1: Called Strike Omar Guerrero steals 2nd base 1-2: Foul Ball, location: 2F 1-2: Ball 2-2: Ball 3-2: Foul Ball, location: 2F 3-2: Base on Balls
|
|
Batting: LHB Angel Matos
|
0-0: Ball 1-0: Swinging Strike 1-1: Foul Ball, location: 2F 1-2: Foul Ball, location: 2F 1-2: Foul Ball, location: 2F 1-2: Ball 2-2: Fly out, F8 (Line Drive, 8LM, EV 92.5 MPH)
|
| Top of the 4th over - 0 runs, 1 hit, 0 errors, 2 left on base; Wichita 0 - Oklahoma City 5 |
| BOTTOM OF THE 4TH |
|
Oklahoma City 89ers batting - Pitching for Wichita Aeros : RHP Steve Crawford
|
|
Batting: RHB John Christensen
|
0-0: Called Strike 0-1: Ball 1-1: Called Strike 1-2: Ball 2-2: Foul Ball, location: 2F 2-2: Foul Ball, location: 2F 2-2: SINGLE (Line Drive, 7S, EV 97.5 MPH)
|
|
Batting: RHB Tim Tolman
|
0-0: Called Strike 0-1: Called Strike 0-2: Ball 1-2: Ball 2-2: Ball John Christensen steals 2nd base 3-2: Ground out U3 (Groundball, 3, EV 91.9 MPH) John Christensen to third
|
|
Batting: LHB Tom O'Malley
|
0-0: Ball 1-0: Ball 2-0: Ball 3-0: Base on Balls
|
|
Batting: RHB Glenn Braggs
|
0-0: Ball 1-0: Called Strike 1-1: Foul Ball, location: 2F 1-2: Strikes out swinging
|
|
Batting: RHB Cecil Fielder
|
0-0: Called Strike 0-1: Swinging Strike 0-2: Strikes out looking
|
| Bottom of the 4th over - 0 runs, 1 hit, 0 errors, 2 left on base; Wichita 0 - Oklahoma City 5 |
| TOP OF THE 5TH |
|
Wichita Aeros batting - Pitching for Oklahoma City 89ers : RHP Kennedy Corzel
|
|
Batting: RHB Gary House
|
0-0: Swinging Strike 0-1: Called Strike 0-2: Ground out 5-3 (Groundball, 5, EV 86.9 MPH)
|
|
Batting: LHB Jesus Ramos
|
0-0: Foul Ball, location: 2F 0-1: Foul Ball, location: 2F 0-2: Ball 1-2: Fly out, F7 (Flyball, 7S, EV 92.5 MPH)
|
|
Batting: RHB Tom Dodd
|
0-0: Called Strike 0-1: SINGLE (Flyball, 78S, EV 88.8 MPH)
|
|
Batting: RHB Jordan Ventura
|
0-0: Called Strike 0-1: Ground out U3 (Groundball, 3, EV 88.1 MPH)
|
| Top of the 5th over - 0 runs, 1 hit, 0 errors, 1 left on base; Wichita 0 - Oklahoma City 5 |
| BOTTOM OF THE 5TH |
|
Oklahoma City 89ers batting - Pitching for Wichita Aeros : RHP Steve Crawford
|
|
Batting: RHB Nick Esasky
|
0-0: Fly out, F9 (Line Drive, 9, EV 99.4 MPH)
|
|
Batting: RHB Joe Redfield
|
0-0: Swinging Strike 0-1: Foul Ball, location: 2F 0-2: Ground out 6-3 (Groundball, 6, EV 80.0 MPH)
|
|
Batting: RHB Danny Jasso
|
0-0: Called Strike 0-1: Swinging Strike 0-2: Ball 1-2: Foul Ball, location: 2F 1-2: Ball 2-2: Fly out, F9 (Flyball, 89D, EV 98.1 MPH)
|
| Bottom of the 5th over - 0 runs, 0 hits, 0 errors, 0 left on base; Wichita 0 - Oklahoma City 5 |
| TOP OF THE 6TH |
|
Wichita Aeros batting - Pitching for Oklahoma City 89ers : RHP Kennedy Corzel
|
|
Batting: SHB Gary Pettis
|
0-0: Called Strike 0-1: Ball 1-1: Called Strike 1-2: SINGLE (Line Drive, 34D, EV 108.1 MPH)
|
|
Batting: LHB Michael Barnes
|
0-0: Called Strike 0-1: Swinging Strike 0-2: Strikes out swinging
|
|
Batting: LHB Omar Guerrero
|
0-0: Ball Gary Pettis steals 2nd base 1-0: Called Strike 1-1: Ball 2-1: Called Strike 2-2: Ground out 4-3 (Groundball, 4, EV 88.1 MPH) Gary Pettis to third
|
|
Batting: LHB Glenn Gulliver
|
0-0: Ball 1-0: Ball 2-0: Ball 3-0: Called Strike 3-1: Called Strike 3-2: Foul Ball, location: 2F 3-2: DOUBLE (Line Drive, 7LM, EV 112.5 MPH) Gary Pettis scores
|
|
Batting: LHB Angel Matos
|
0-0: Swinging Strike 0-1: Called Strike 0-2: Ball 1-2: Foul Ball, location: 2F 1-2: Ball 2-2: Ball 3-2: Foul Ball, location: 2F 3-2: Strikes out swinging
|
| Top of the 6th over - 1 run, 2 hits, 0 errors, 1 left on base; Wichita 1 - Oklahoma City 5 |
| BOTTOM OF THE 6TH |
|
Oklahoma City 89ers batting - Pitching for Wichita Aeros : RHP Steve Crawford
|
|
Batting: RHB Robert Bailey
|
0-0: Ball 1-0: Fly out, F5 (Line Drive, 6, EV 71.3 MPH)
|
|
Batting: RHB John Christensen
|
0-0: Ball 1-0: Ball 2-0: Called Strike 2-1: Ball 3-1: Base on Balls
|
|
Batting: RHB Tim Tolman
|
0-0: Called Strike 0-1: Foul Ball, location: 2F 0-2: Ball 1-2: Ball 2-2: Fielders Choice at 2nd, 3-6 (Groundball, 3, EV 81.9 MPH)
|
|
Batting: LHB Tom O'Malley
|
0-0: Called Strike 0-1: 2-RUN HOME RUN (Flyball, 78XD, EV 99.4 MPH), Distance : 411 ft
|
|
Batting: RHB Glenn Braggs
|
0-0: Foul Ball, location: 2F 0-1: Swinging Strike 0-2: Foul Ball, location: 2F 0-2: Ball 1-2: Fly out, F9 (Flyball, 89M, EV 86.3 MPH)
|
| Bottom of the 6th over - 2 runs, 1 hit, 0 errors, 0 left on base; Wichita 1 - Oklahoma City 7 |
| TOP OF THE 7TH |
|
Wichita Aeros batting - Pitching for Oklahoma City 89ers : RHP Kennedy Corzel
|
|
Batting: RHB Gary House
|
0-0: Called Strike 0-1: Foul Ball, location: 2F 0-2: Ball 1-2: Foul Ball, location: 2F 1-2: SOLO HOME RUN (Flyball, 7D, EV 106.9 MPH), Distance : 389 ft
|
|
Batting: LHB Jesus Ramos
|
0-0: Ball 1-0: Fly out, F4 (Popup, 4, EV 54.4 MPH)
|
|
Batting: RHB Tom Dodd
|
0-0: Called Strike 0-1: Swinging Strike 0-2: Ball 1-2: Foul Ball, location: 2F 1-2: Ground out 5-3 (Groundball, 56S, EV 71.9 MPH)
|
|
Batting: RHB Jordan Ventura
|
0-0: Fly out, F8 (Flyball, 78D, EV 95.0 MPH)
|
| Top of the 7th over - 1 run, 1 hit, 0 errors, 0 left on base; Wichita 2 - Oklahoma City 7 |
| BOTTOM OF THE 7TH |
|
Oklahoma City 89ers batting - Pitching for Wichita Aeros : RHP Steve Crawford
|
|
Batting: RHB Cecil Fielder
|
0-0: Ball 1-0: Foul Ball, location: 2F 1-1: Foul Ball, location: 2F 1-2: Foul Ball, location: 2F 1-2: Ball 2-2: Foul Ball, location: 2F 2-2: Strikes out swinging
|
|
Batting: RHB Nick Esasky
|
0-0: Called Strike 0-1: Ball 1-1: Foul Ball, location: 2F 1-2: SOLO HOME RUN (Flyball, 7D, EV 97.5 MPH), Distance : 374 ft
|
|
Batting: RHB Joe Redfield
|
0-0: Called Strike 0-1: Fly out, F5 (Popup, 5SF, EV 80.6 MPH)
|
|
Batting: RHB Danny Jasso
|
0-0: Ball 1-0: Called Strike 1-1: Fly out, F7 (Flyball, 7, EV 96.3 MPH)
|
| Bottom of the 7th over - 1 run, 1 hit, 0 errors, 0 left on base; Wichita 2 - Oklahoma City 8 |
| TOP OF THE 8TH |
|
Wichita Aeros batting - Pitching for Oklahoma City 89ers : RHP Kennedy Corzel
|
|
Batting: SHB Gary Pettis
|
0-0: Called Strike 0-1: Ball 1-1: Ball 2-1: Fly out, F5 (Popup, 56, EV 61.9 MPH)
|
|
Batting: LHB Michael Barnes
|
0-0: Called Strike 0-1: Ball 1-1: Ball 2-1: Foul Ball, location: 2F 2-2: Ball 3-2: Foul Ball, location: 2F 3-2: SINGLE (Groundball, 56D, EV 96.3 MPH)
|
|
Batting: LHB Omar Guerrero
|
0-0: Called Strike 0-1: Called Strike 0-2: Ball Wild Pitch! Michael Barnes to second 1-2: Foul Ball, location: 2F 1-2: Ball 2-2: Ball 3-2: Ground out 4-3 (Groundball, 4, EV 86.3 MPH) Michael Barnes to third
|
|
Batting: LHB Glenn Gulliver
|
0-0: Called Strike 0-1: Ball 1-1: Foul Ball, location: 2F 1-2: Foul Ball, location: 2F 1-2: Ball 2-2: Ground out 6-3 (Groundball, 6, EV 107.5 MPH)
|
| Top of the 8th over - 0 runs, 1 hit, 0 errors, 1 left on base; Wichita 2 - Oklahoma City 8 |
| BOTTOM OF THE 8TH |
|
Oklahoma City 89ers batting - Pitching for Wichita Aeros : RHP Steve Crawford
|
|
Batting: RHB Robert Bailey
|
0-0: Ball 1-0: Ball 2-0: Called Strike 2-1: Foul Ball, location: 2F 2-2: SINGLE (Groundball, P, EV 76.9 MPH) (infield hit)
|
|
Batting: RHB John Christensen
|
0-0: Called Strike 0-1: Swinging Strike 0-2: Ball 1-2: SINGLE (Groundball, 34S, EV 66.9 MPH) (infield hit) Robert Bailey to second
|
|
Pitching: RHP Rob Pietroburgo
|
|
|
Batting: RHB Tim Tolman
|
0-0: Grounds into double play, U5-3 (Groundball, 5L, EV 88.1 MPH) John Christensen to second
|
|
Batting: LHB Tom O'Malley
|
0-0: Called Strike 0-1: Ball 1-1: SINGLE (Line Drive, 78S, EV 103.8 MPH) John Christensen to third Runner from 3rd tries for Home, SAFE, throw by CF to home
|
|
Pinch Hitting: RHB Peter Reppucci
|
0-0: Swinging Strike 0-1: Ball 1-1: Ball 2-1: Foul Ball, location: 2F 2-2: Foul Ball, location: 2F 2-2: Foul Ball, location: 2F 2-2: Foul Ball, location: 2F 2-2: Ground out 1-3 (Groundball, 34S, EV 73.1 MPH)
|
| Bottom of the 8th over - 1 run, 3 hits, 0 errors, 1 left on base; Wichita 2 - Oklahoma City 9 |
| TOP OF THE 9TH |
|
Wichita Aeros batting - Pitching for Oklahoma City 89ers : RHP Kennedy Corzel
|
|
Now in LF: James Glenn
|
|
|
Batting: LHB Angel Matos
|
0-0: Foul Ball, location: 2F 0-1: Fly out, F7 (Flyball, 7, EV 85.6 MPH)
|
|
Batting: RHB Gary House
|
0-0: Ball 1-0: Called Strike 1-1: Ball 2-1: Foul Ball, location: 2F 2-2: Ball 3-2: Strikes out swinging
|
|
Batting: LHB Jesus Ramos
|
0-0: Foul Ball, location: 2F 0-1: Ball 1-1: Ground out 6-3 (Groundball, 6, EV 91.3 MPH)
|
| Top of the 9th over - 0 runs, 0 hits, 0 errors, 0 left on base; Wichita 2 - Oklahoma City 9 |
|